 Dungeon Crawl Stone Soup version 0.23-a0-629-gae4348f6cf (webtiles) character file.

4 GordonOverkill the Charlatan (level 1, 0/15 HPs)
             Began as a Demigod Wanderer on Dec 26, 2018.
             Slain by a giant cockroach (2 damage)
             ... on level 1 of the Dungeon.
             The game lasted 00:00:37 (162 turns).

GordonOverkill the Charlatan (Demigod Wanderer)      Turns: 162, Time: 00:00:38

Health: 0/15       AC:  2    Str: 16    XL:     1   Next: 40%
Magic:  2/5        EV: 11    Int: 15    God:
Gold:   30         SH:  0    Dex: 15    Spells: 2/3 levels left

rFire    . . .     SeeInvis .   d - +0 club
rCold    . . .     Gourm    .   (no shield)
rNeg     . . .     Faith    .   c - +0 robe
rPois    .         Spirit   .   (no helmet)
rElec    .         Reflect  .   (no cloak)
rCorr    .         Harm     .   (no gloves)
MR       .....                  (no boots)
Stlth    +.........             (no amulet)
HPRegen  0.05/turn              (no ring)
MPRegen  0.09/turn              (no ring)

@: very slightly contaminated
A: high mp 1
a: no special abilities


You were on level 1 of the Dungeon.
You were not hungry.

You visited 1 branch of the dungeon, and saw 1 of its levels.

You collected 30 gold pieces.

Inventory:

Hand Weapons
 d - a +0 club (weapon)
Armour
 b - a +0 ring mail
 c - a +0 robe (worn)
Scrolls
 e - a scroll of remove curse {unknown}
Comestibles
 a - a chunk of flesh
 f - a ration


   Skills:
 + Level 0.3 Fighting
 + Level 0.3 Armour
 + Level 0.3 Dodging
 - Level 1.7 Spellcasting
   Level 1.7 Summonings
   Level 1.7 Necromancy
   Level 1.7 Earth Magic
   Level 1.7 Evocations


You had 2 spell levels left.
You knew the following spells:

 Your Spells              Type           Power        Failure   Level  Hunger
a - Magic Dart            Conj           #...         22%         1    ##.....

Your spell library contained the following spells:

 Spells                   Type           Power        Failure   Level  Hunger
 Sandblast                Erth           #.....       11%         1    ##.....
 Call Imp                 Summ           #.......     17%         2    ###....
 Blink                    Tloc           N/A          34%         2    ###....
 Slow                     Hex            #.......     34%         2    ###....
 Stone Arrow              Conj/Erth      #.....       43%         3    ####...
 Conjure Flame            Conj/Fire      #.......     56%         3    ####...
 Mephitic Cloud           Conj/Pois/Air  #.......     56%         3    ####...


Dungeon Overview and Level Annotations

Branches:
Dungeon (1/15)


Innate Abilities, Weirdness & Mutations

You have an increased reservoir of magic. (+10% MP)


Message History

You are too injured to fight recklessly!
You are too injured to fight recklessly!
You barely miss the kobold.
The kobold is severely wounded.
The kobold hits you with a +0 short sword.
* * * LOW HITPOINT WARNING * * *
You are too injured to fight recklessly!
You hit the kobold.
You kill the kobold!
The giant cockroach closely misses you.
You are too injured to fight recklessly!
You hit the giant cockroach but do no damage.
The giant cockroach closely misses you.
You are too injured to fight recklessly!
You completely miss the giant cockroach.
The giant cockroach closely misses you.
The giant cockroach bites you but does no damage.
You are too injured to fight recklessly!
You closely miss the giant cockroach. The giant cockroach bites you.
You die...

#.#### ..... .... ...
..## ..###.# #.....#
#.# ####s# #.# #.()@#
#.# #.##### #.###
#.#...#
#...####+##.#.#.#
#.........#...#.#####
#.........'.........#
###.........###..####.#
............# ##.####.#
###.........# #..#....#


You could see a giant cockroach.

Vanquished Creatures
  A bat (D:1)
  2 kobolds (D:1)
  A frilled lizard (D:1)
4 creatures vanquished.

Notes
Turn   | Place    | Note
-------+----------+-------------------------------------------
     0 | D:1      | GordonOverkill the Demigod Wanderer began the quest for the
                  | Orb.
     0 | D:1      | GordonOverkill set off with the following items: a +0 robe,
                  | a +0 club, a ration; and the following spells available to
                  | memorise: Sandblast, Call Imp, Magic Dart, Blink, Slow,
                  | Stone Arrow, Conjure Flame, Mephitic Cloud
     0 | D:1      | Reached XP level 1. HP: 14/14 MP: 5/5
     2 | D:1      | Learned a level 1 spell: Magic Dart
   162 | D:1      | Slain by a giant cockroach

Vault maps used:
D:1:      saegor_arrival_simple_d

Action                   || total
-------------------------++-------
Melee: Club              ||    14
 Cast: Magic Dart        ||     5
Armor: Robe              ||     5
Dodge: Dodged            ||    11

Table legend:
 A = Non-vault XP
 B = Vault XP
 C = Vault XP percentage of total XP
 D = Non-vault monster count
 E = Vault monster count
 F = Vault count percentage of total count
                 A         B        C        D         E       F
            +---------+---------+-------+---------+---------+-------
      Total |       6 |       0 |   0.0 |       4 |       0 |   0.0
            +---------+---------+-------+---------+---------+-------
        D:1 |       6 |       0 |   0.0 |       4 |       0 |   0.0
            +---------+---------+-------+---------+---------+-------
